Map: Nightscape LE

Players

flegmi

  • Race: Zerg Zerg
  • League: Platinum

BabouLeFou

  • Race: Terran Terran
  • League: Diamond

qqq - Winner!

  • Race: Zerg Zerg

Massa - Winner!

  • Race: Terran Terran
  • League: Platinum

VOD

Have the link to the VOD?

Description

Time

  • Played on: April 26, 2021, 12:10 p.m.
  • Length: 6:39
Show
View Real Time Build Order
Export as new Build Order

flegmi Zerg 

Build Orders: Hatch First 

Get SALT Encoding   

  12  0:00  Drone  
  13  0:13  Overlord  
  13  0:17  Drone  
  14  0:31  Drone x2  
  16  0:36  Drone  
  17  0:52  Hatchery  
  17  0:56  Drone  
  17  1:02  Extractor  
  17  1:03  Drone  
  17  1:14  Spawning Pool  
  16  1:19  Drone  
  16  1:22  Drone  
  18  1:30  Drone  
  19  1:40  Drone  
  20  1:50  Overlord  
  20  2:04  Metabolic Boost  
  20  2:05  Queen x2  
  20  2:08  Zergling x2  
  25  2:13  Zergling x2  
  25  2:14  Drone  
  27  2:24  Drone x2  
  29  2:37  Drone x2  
  29  2:38  Drone  
  32  2:49  Drone x2  
  34  2:56  Overlord  
  34  3:16  Drone x4  
  37  3:35  Drone  
  37  3:36  Drone x4, Queen  
  44  3:50  Overlord x2  
  44  4:05  Overlord  
  44  4:07  Extractor  
  44  4:08  Extractor  
  42  4:13  Drone  
  42  4:14  Drone  
  42  4:17  Hatchery, Overlord x3  
  43  4:23  Lair  
  43  4:24  Drone  
  43  4:25  Drone x3  
  47  4:33  Extractor  
  47  4:35  Drone x2  
  48  4:42  Zergling x4  
  50  4:49  Zergling x8  
  26  5:17  Zergling x10  
  26  5:18  Zergling x2  
  27  5:44  Zergling x4  
  25  5:51  Zergling x2  
  26  5:59  Zergling x2  
  8  6:16  Zergling x2  
Show
View Real Time Build Order
Export as new Build Order

BabouLeFou Terran 

Build Orders: Reaper Expand 

Get SALT Encoding   

  12  0:00  SCV  
  13  0:12  SCV  
  14  0:17  Supply Depot  
  14  0:25  SCV  
  15  0:39  SCV  
  15  0:42  Barracks  
  16  0:45  Refinery  
  16  0:51  SCV  
  17  1:03  SCV  
  18  1:15  SCV  
  19  1:31  Reaper, Orbital Command  
  19  1:50  Command Center  
  19  1:59  SCV  
  20  2:17  Factory  
  20  2:21  Supply Depot  
  20  2:23  SCV  
  21  2:31  Barracks Reactor  
  21  2:34  Refinery  
  21  2:35  SCV  
  22  2:47  SCV  
  23  2:59  SCV  
  23  3:03  Orbital Command  
  24  3:11  SCV  
  25  3:19  Starport  
  25  3:23  SCV  
  25  3:24  Orbital Command  
  26  3:31  Hellion  
  26  3:32  Hellion  
  30  3:37  SCV  
  30  3:49  Barracks Tech Lab  
  30  3:53  Hellion x2  
  34  3:56  SCV x2  
  36  4:02  Medivac  
  36  4:08  SCV x2  
  40  4:10  Marine, Stimpack  
  40  4:16  Armory  
  45  4:20  SCV  
  45  4:21  SCV  
  45  4:22  Widow Mine  
  45  4:27  Supply Depot  
  45  4:31  Supply Depot  
  45  4:32  SCV  
  46  4:49  Widow Mine, SCV x2  
  46  5:01  SCV, Marauder  
  46  5:04  Widow Mine  
  47  5:11  Widow Mine  
  41  5:25  Widow Mine  
  42  5:30  SCV  
  43  5:37  Barracks  
  43  5:38  Barracks  
  43  5:42  SCV  
  44  5:51  Hellion  
  44  5:52  Hellion, Marine  
  44  5:54  SCV  
  46  6:06  SCV  
  43  6:19  SCV  
Show
View Real Time Build Order
Export as new Build Order

qqq Zerg - Winner!

Build Orders: Hatch First 

Get SALT Encoding   

  12  0:00  Drone  
  13  0:08  Drone  
  14  0:18  Overlord  
  14  0:48  Hatchery, Drone  
  14  0:59  Drone x3  
  17  1:20  Extractor, Spawning Pool  
  17  1:21  Drone  
  16  1:25  Drone  
  17  1:38  Drone  
  18  1:43  Drone  
  19  1:53  Drone  
  20  2:10  Drone x2  
  20  2:11  Queen x2  
  20  2:13  Drone  
  26  2:20  Metabolic Boost  
  26  2:25  Drone  
  26  2:28  Overlord  
  27  2:39  Overlord  
  27  2:40  Zergling x2  
  28  2:48  Evolution Chamber  
  27  2:58  Drone  
  27  2:59  Drone x4  
  32  3:05  Overlord  
  32  3:15  Zergling x2  
  32  3:17  Zerg Melee Weapons Level 1  
  32  3:18  Zergling x2  
  32  3:19  Zergling x4  
  36  3:21  Overlord  
  36  3:26  Overlord  
  36  3:32  Zergling x4  
  36  3:33  Zergling x2  
  39  3:36  Zergling x2  
  39  3:38  Zergling x2  
  41  3:44  Zergling x4  
  43  3:55  Zergling x4  
  45  3:59  Zergling x2  
  45  4:00  Zergling x4  
  48  4:09  Hatchery, Drone  
  48  4:10  Drone  
  48  4:13  Zergling x2  
  50  4:23  Lair  
  50  4:25  Drone  
  50  4:28  Zergling x2  
  52  4:31  Drone  
  52  4:32  Zergling x2, Evolution Chamber  
  52  4:35  Zergling x2  
  52  4:36  Zergling x2  
  55  4:39  Zergling x2  
  55  4:41  Zergling x2  
  54  5:03  Zergling x10  
  59  5:11  Zergling x2  
  58  5:22  Zergling x4  
  58  5:23  Zergling x2  
  58  5:26  Zergling x2  
  61  5:34  Queen  
  63  5:39  Zergling x4  
  63  5:40  Overlord  
  65  5:47  Zergling x6  
  63  5:55  Zergling x2  
  63  5:56  Zergling x2  
  54  6:04  Zergling x14  
  56  6:08  Zergling x2  
Show
View Real Time Build Order
Export as new Build Order

Massa Terran - Winner!

Build Orders: Reaper Expand 

Get SALT Encoding   

  12  0:00  SCV  
  13  0:12  SCV  
  14  0:20  Supply Depot  
  14  0:24  SCV  
  15  0:42  SCV  
  16  0:43  Barracks  
  16  0:47  Refinery  
  16  0:54  SCV  
  17  1:06  SCV  
  18  1:30  Orbital Command  
  18  1:35  Reaper  
  19  1:43  Command Center  
  19  1:56  SCV  
  19  1:58  Supply Depot  
  20  2:11  Factory  
  21  2:15  SCV  
  21  2:27  SCV  
  22  2:35  Barracks Reactor  
  22  2:53  SCV  
  22  2:55  Hellion  
  25  2:58  Orbital Command  
  25  2:59  Refinery  
  25  3:07  Starport  
  25  3:10  Marine x2  
  27  3:17  SCV  
  28  3:23  Hellion  
  30  3:27  SCV  
  30  3:28  Marine x2  
  30  3:29  SCV  
  34  3:39  SCV  
  35  3:44  Hellion  
  35  3:46  Starport Tech Lab, Marine x2  
  39  3:52  SCV x2  
  41  3:58  Command Center  
  41  4:04  SCV x2, Cloaking Field  
  43  4:14  Barracks Tech Lab  
  43  4:15  Hellion  
  45  4:19  Supply Depot  
  45  4:26  Banshee, Hellion  
  45  4:27  Supply Depot  
  45  4:28  Refinery  
  45  4:30  SCV, Engineering Bay  
  45  4:31  SCV  
  52  4:43  SCV x2  
  44  6:08  SCV  
  44  6:09  SCV x2  
  46  6:20  SCV  
  46  6:21  SCV x2  
Tags
 
Add a new tag
Caveats
  • Supply blocks, unpowered buildings, or Contaminate may cause inaccurate times.
  • Supply counts are checked every 10 seconds.